 Dungeon Crawl Stone Soup version 0.31-a0-165-g3f4f80340b (webtiles) character file.

Game seed: 17934496855167183486

37 qw the Chopper (level 3, -4/23 HPs)
             Began as a Gargoyle Fighter on June 13, 2023.
             Slain by a gnoll
             ... wielding a +0 spear
              (6 damage)
             ... on level 2 of the Dungeon.
             The game lasted 00:00:31 (979 turns).

qw the Chopper (Gargoyle Fighter)                    Turns: 979, Time: 00:00:32

Health: -4/23      AC: 10    Str: 26 (27) XL:     3   Next: 39%
Magic:  3/3        EV:  9    Int:  5 (8)  God:
Gold:   29         SH:  4    Dex:  7 (9)  Spells: 2/2 levels left

rFire   . . .        Y - +0 war axe
rCold   . . .        c - +0 buckler
rNeg    + . .        b - +0 scale mail
rPois   inf          (no helmet)
rElec   +            (no cloak)
rCorr   .            (no gloves)
SInv    .            (no boots)
Will    .....        (no amulet) Stlth
                     j - +6 ring of strength
HPRegen 0.23/turn    (no ring)
MPRegen 0.08/turn

%: no passive effects
@: no status effects
A: sickness immunity, AC +3, negative energy resistance 1, electricity
resistance, torment resistance 1, petrification resistance
a: no special abilities


You were on level 2 of the Dungeon.
You visited 1 branch of the dungeon, and saw 2 of its levels.

You collected 59 gold pieces.
You spent 30 gold pieces at shops.


Innate Abilities, Weirdness & Mutations

You are immune to sickness and miasma.
Your stone body is resilient. (AC +3)
You are immune to poison.
You resist negative energy. (rN+)
You are resistant to electric shocks. (rElec)
You are resistant to unholy torment.
You are immune to petrification.


   Skills:
 - Level 3.2 Fighting
 + Level 3.3 Axes
 - Level 3.2 Armour
 - Level 3.2 Shields


You had 2 spell levels left.
You didn't know any spells.
Your spell library was empty.

Inventory:

Hand Weapons
 k - a +0 whip
 Y - a +0 war axe (weapon)
Armour
 b - a +0 scale mail (worn)
 c - a +0 buckler (worn)
 g - a +0 ring mail of positive energy
Jewellery
 j - a +6 ring of strength (left hand)
Scrolls
 a - 5 scrolls of identify
 f - a scroll of brand weapon {unknown}
 i - a scroll of enchant weapon {unknown}
 l - 2 scrolls of acquirement {unknown}
Potions
 d - a potion of might
 e - 2 potions of curing
 h - a potion of magic {unknown}

Dungeon Overview and Level Annotations

Branches:
Dungeon (2/15)

Altars:

Shops:
D:1 (


Message History

You closely miss the bat.
The gnoll shouts!
You hear a shout!
The bat barely misses you. The bat misses you. The bat barely misses you.
Enter note: You block the bat's attack.
Enter note: You closely miss the bat.
The bat barely misses you. The bat hits you.
A gnoll comes into view. It is wielding a +0 club.
The kobold hits you with a +0 short sword.
You barely miss the kobold. The bat hits you but does no damage.
The gnoll hits you from afar with a +0 spear.
The kobold hits you with a +0 short sword.
The bat barely misses you.
You slash the kobold!
You kill the kobold!
You miss the bat. The bat barely misses you. The gnoll barely misses you.
The bat hits you. The gnoll barely misses you.
You barely miss the bat. The bat closely misses you.
The bat completely misses you. The gnoll barely misses you.
You closely miss the bat.
The bat closely misses you. x2; The bat barely misses you.
The gnoll hits you from afar with a +0 spear. x2
The gnoll hits you but does no damage.
You closely miss the gnoll. The bat hits you but does no damage.
You block the gnoll's attack. The gnoll hits you with a +0 club.
You closely miss the gnoll. You closely miss the bat.
The bat hits you but does no damage. The gnoll barely misses you.
The gnoll hits you with a +0 club. The bat hits you but does no damage.
You slash the gnoll!
You kill the gnoll!
You closely miss the bat. You block the bat's attack.
The gnoll hits you from afar with a +0 spear.
You die...

##...####.#................###.
#...........# ####......##...
#..###.###.### #.###..##...
#.###.# #.......#...
..#####..##.##########.#.#.......
#...................#........#...
##########.......# ..##..#.##...
#....##.# .[........... ####...@#
........#.### ###b.)# ........#.#
##.g.........<#.#
#.......####.#.# ........# #.#.#
##......# #.#.# #.....# #.#.#
.....# #.# #.#


You could see a gnoll and a bat.

Vanquished Creatures
  A gnoll (D:2)
  A worm (D:2)
  4 ball pythons
  2 endoplasms (D:1)
  2 giant cockroaches (D:1)
  4 goblins (D:1)
  A hobgoblin (D:1)
  2 jackals (D:1)
  3 quokkas (D:1)
  2 bats (D:1)
  2 frilled lizards
  4 kobolds
  A rat (D:1)
29 creatures vanquished.

Notes
Turn   | Place    | Note
-------+----------+-------------------------------------------
     0 | D:1      | qw the Gargoyle Fighter began the quest for the Orb.
     0 | D:1      | Reached XP level 1. HP: 14/14 MP: 1/1
     0 | D:1      | 0 ||| qw: Version: 0.2-a-29-gc1b59c4
     0 | D:1      | 0 ||| qw: Game counter: 4753
     0 | D:1      | 0 ||| qw: Always use a shield: true
     0 | D:1      | 0 ||| qw: God list: Okawaru
     0 | D:1      | 0 ||| qw: Allow faded altars: false
     0 | D:1      | 0 ||| qw: Do Orc after D:15 true
     0 | D:1      | 0 ||| qw: Do second Lair branch before Depths: true
     0 | D:1      | 0 ||| qw: Lair rune preference: random
     0 | D:1      | 0 ||| qw: Plans: Normal, Zot:1-4, Slime:5, God:TSO, Crypt,
                  | Tomb, Abyss, Pan, Hells, Win
     0 | D:1      | 0 ||| PLANNING D:1-11
    59 | D:1      | Reached XP level 2. HP: 19/19 MP: 2/2
   210 | D:1      | Found a faded altar of an unknown god.
   429 | D:1      | Reached skill level 3 in Axes
   549 | D:1      | Reached XP level 3. HP: 23/23 MP: 3/3
   594 | D:1      | Found Kavvux's Weapon Boutique.
   600 | D:1      | 600 ||| BUYING +0 whip (30 gold).
   600 | D:1      | Bought a +0 whip for 30 gold pieces
   600 | D:1      | 600 ||| DROPPING +0 club.
   763 | D:1      | 763 ||| UPGRADING to +6 ring of strength.
   764 | D:1      | 764 ||| READING 6 scrolls labelled ALOAQA DISSE.
   765 | D:1      | 765 ||| READING scroll labelled ZAERAI ACSELAJ.
   766 | D:1      | 766 ||| DRINKING 3 fizzy ruby potions.
   767 | D:1      | 767 ||| DRINKING 3 glowing grey potions.
   768 | D:1      | 768 ||| DROPPING 2 potions of degeneration.
   977 | D:2      | HP: 4/23 [gnoll/+0 club (2)]
   979 | D:2      | Slain by a gnoll

Levels and vault maps discovered:
D:1:      mrwooster_arrival_statue, layout_loops_ring,
          shapermc_ecumenical_altar_totnotflames, serial_shops, shop
D:2:      layout_rooms, serial_shops, shop, minmay_misc_feat_columns

Skill      XL: |  1  2 |
---------------+-------+-----
Axes           | 2 3 |  3.3
Fighting       | |  3.2
Armour         | |  3.2
Shields        | |  3.2

Action                     || total
---------------------------++-------
  Melee: War axe           ||    84
    Use: Scroll            ||     2
         Potion            ||     2
 Armour: Scale mail        ||    33
  Dodge: Dodged            ||    47
  Block: Buckler           ||    18

Table legend:
 A = Non-vault XP
 B = Vault XP
 C = Vault XP percentage of total XP
 D = Non-vault monster count
 E = Vault monster count
 F = Vault count percentage of total count
                 A         B        C        D         E       F
            +---------+---------+-------+---------+---------+-------
      Total |      68 |       0 |   0.0 |      29 |       0 |   0.0
            +---------+---------+-------+---------+---------+-------
        D:1 |      42 |       0 |   0.0 |      23 |       0 |   0.0
        D:2 |      26 |       0 |   0.0 |       6 |       0 |   0.0
            +---------+---------+-------+---------+---------+-------
